 Dungeon Crawl Stone Soup version 0.31-a0-188-g5e087ee2ca (webtiles) character file.

Game seed: 15154857990750775429

33 qw the Shooter (level 3, -2/20 HPs)
             Began as a Deep Elf Hunter on June 23, 2023.
             Slain by Terence
             ... wielding a +0 falchion
              (7 damage)
             ... on level 2 of the Dungeon.
             The game lasted 00:00:25 (862 turns).

qw the Shooter (Deep Elf Hunter)                     Turns: 862, Time: 00:00:26

Health: -2/20      AC:  3    Str: 10    XL:     3   Next: 12%
Magic:  5/5        EV: 12    Int: 13    God:
Gold:   52         SH:  0    Dex: 18    Spells: 2/2 levels left

rFire   . . .        Y - +0 shortbow
rCold   . . .        (shield currently unavailable)
rNeg    . . .        c - +0 leather armour
rPois   .            (no helmet)
rElec   .            (no cloak)
rCorr   .            (no gloves)
SInv    .            (no boots)
Will    .....        (no amulet)
Stlth   ++           (no ring)
HPRegen 0.23/turn    (no ring)
MPRegen 0.09/turn

%: no passive effects
@: no status effects
A: no striking features
a: no special abilities


You were on level 2 of the Dungeon.
You visited 1 branch of the dungeon, and saw 2 of its levels.

You collected 72 gold pieces.
You spent 20 gold pieces at shops.


   Skills:
 - Level 1.5 Fighting
 + Level 6.7 Ranged Weapons
 - Level 2.4 Dodging
 - Level 1.2 Stealth


You had 2 spell levels left.
You didn't know any spells.
Your spell library was empty.

Inventory:

Hand Weapons
 Y - a +0 shortbow (weapon)
Armour
 c - a +0 leather armour (worn)
Scrolls
 a - a scroll of identify
 e - a scroll of summoning {unknown}
 g - a scroll of blinking {unknown}
 i - a scroll of enchant armour {unknown}
Potions
 b - a potion of brilliance {unknown}
 d - a potion of resistance {unknown}
 f - a potion of haste {unknown}
 h - a potion of magic {unknown}

Dungeon Overview and Level Annotations

Branches:
Dungeon (2/15)

Altars:
The Shining One

Shops:
D:1 *

Annotations:
D:2 1 runed translucent door, Crazy Yiuf, Terence


Message History

Terence the Incautious comes into view.
He is wielding a +0 falchion.
Enter note:
Enter note:
Enter note:
Enter note:
Enter note:
Enter note: You shoot an arrow.
The arrow hits Terence.
Terence shouts!
Terence is lightly wounded.
You shoot an arrow.
The arrow hits Terence but does no damage.
Terence is lightly wounded.
You shoot an arrow. The arrow hits Terence.
Terence is moderately wounded.
You shoot an arrow. The arrow closely misses Terence.
You shoot an arrow. The arrow barely misses Terence.
Terence barely misses you.
You shoot an arrow.
The arrow hits Terence but does no damage.
Terence is moderately wounded.
Terence shouts, "Get ready for death!"
Terence hits you with a +0 falchion.
You shoot an arrow. The arrow barely misses Terence.
Terence hits you but does no damage.
You shoot an arrow. The arrow hits Terence.
Terence is moderately wounded.
Terence barely misses you.
You shoot an arrow. The arrow hits Terence.
Terence is heavily wounded.
Terence hits you with a +0 falchion.
You shoot an arrow. The arrow barely misses Terence.
Terence misses you.
You shoot an arrow. The arrow closely misses Terence.
Terence says, "How do you enjoy it?" Terence hits you with a +0 falchion!
You shoot an arrow. The arrow hits Terence!
Terence is almost dead.
Terence hits you with a +0 falchion!
You die...

......####.##...#.........)...#
#............#..#.##..........#
..##.#####.#......##.....>....#
####..# #.###.........########
.# ##.####.(#....####..#
.####.............#.....
...##.#####..#......##..
##........#..#.....##
......###.#..#..@..#
................@..$....
.....########.###.####.. ....##
#.. .# ....# ##.> .# ....# .#
##### .. ##


You could see Terence.

Vanquished Creatures
  A worm (D:2)
  4 endoplasms
  3 giant cockroaches
  3 goblins
  A hobgoblin (D:1)
  3 kobolds
  A quokka (D:1)
  2 ball pythons
  5 bats
  4 frilled lizards
  A rat (D:1)
28 creatures vanquished.

Notes
Turn   | Place    | Note
-------+----------+-------------------------------------------
     0 | D:1      | qw the Deep Elf Hunter began the quest for the Orb.
     0 | D:1      | Reached XP level 1. HP: 12/12 MP: 3/3
     0 | D:1      | 0 ||| qw: Version: 0.3-a-9-g12657ce
     0 | D:1      | 0 ||| qw: Game counter: 3684
     0 | D:1      | 0 ||| qw: Always use a shield: true
     0 | D:1      | 0 ||| qw: God list: Okawaru
     0 | D:1      | 0 ||| qw: Allow faded altars: false
     0 | D:1      | 0 ||| qw: Do Orc after D:15 true
     0 | D:1      | 0 ||| qw: Do second Lair branch before Depths: true
     0 | D:1      | 0 ||| qw: Lair rune preference: random
     0 | D:1      | 0 ||| qw: Plans: Normal
     0 | D:1      | 0 ||| PLANNING D:1-11
   150 | D:1      | Reached skill level 6 in Ranged Weapons
   150 | D:1      | Reached XP level 2. HP: 16/16 MP: 4/4
   168 | D:1      | You fall into a shaft and drop 1 floor!
   173 | D:2      | 173 ||| READING scroll labelled ULAMIE LEPTITO.
   174 | D:2      | 174 ||| DROPPING scroll of butterflies.
   178 | D:2      | 178 ||| FLEEEEING.
   179 | D:2      | 179 ||| FLEEEEING.
   180 | D:2      | 180 ||| STAIRDANCE
   246 | D:1      | Found Caograno's General Store.
   251 | D:1      | 251 ||| BUYING scroll of identify (20 gold).
   251 | D:1      | Bought a scroll of identify for 20 gold pieces
   251 | D:1      | 251 ||| SHOPLISTING scroll of teleportation (30 gold, have
                  | 22).
   454 | D:1      | 454 ||| READING scroll labelled JEGEOLECSO.
   483 | D:2      | 483 ||| STAIRDANCE
   505 | D:2      | 505 ||| STAIRDANCE
   520 | D:2      | 520 ||| STAIRDANCE
   533 | D:2      | 533 ||| STAIRDANCE
   669 | D:2      | Found a glowing golden altar of the Shining One.
   672 | D:2      | Reached XP level 3. HP: 20/20 MP: 5/5
   740 | D:2      | Found a runed translucent door.
   741 | D:2      | Noticed Crazy Yiuf
   850 | D:2      | Noticed Terence
   861 | D:2      | HP: 5/20 [Terence/+0 falchion (9)]
   862 | D:2      | Slain by Terence

Levels and vault maps discovered:
D:1:      psy_arrival_fountain, layout_basic, serial_shops,
          nicolae_shop_hallway_plus
D:2:      layout_rooms, basic_altar, uniq_crazy_yiuf_cottage, uniq_terence

Skill      XL: |  1 |
---------------+----+-----
Ranged Weapons | 6 |  6.7
Fighting       | |  1.5
Dodging        | |  2.4
Stealth        | |  1.2

Action                     || total
---------------------------++-------
   Fire: Shortbow          ||    80
    Use: Scroll            ||     2
 Armour: Leather armour    ||    14
  Dodge: Dodged            ||    26

Table legend:
 A = Non-vault XP
 B = Vault XP
 C = Vault XP percentage of total XP
 D = Non-vault monster count
 E = Vault monster count
 F = Vault count percentage of total count
                 A         B        C        D         E       F
            +---------+---------+-------+---------+---------+-------
      Total |      48 |       0 |   0.0 |      28 |       0 |   0.0
            +---------+---------+-------+---------+---------+-------
        D:1 |      27 |       0 |   0.0 |      16 |       0 |   0.0
        D:2 |      21 |       0 |   0.0 |      12 |       0 |   0.0
            +---------+---------+-------+---------+---------+-------
